 Dungeon Crawl Stone Soup version 0.21.0-3-g78d12a8 (console) character file.

86 vegansnacktivist the Cudgeler (level 4, -2/28 HPs)
             Began as a Gargoyle Fighter on Jan 18, 2018.
             Slain by an ogre
             ... wielding a +0 giant spiked club
              (28 damage)
             ... on level 2 of the Dungeon.
             The game lasted 00:04:29 (1515 turns).

vegansnacktivist the Cudgeler (Gargoyle Fighter)    Turns: 1515, Time: 00:04:29

Health: -2/28      AC: 10    Str: 20    XL:     4   Next: 50%
Magic:  4/4        EV:  7    Int:  9    God:
Gold:   59         SH:  9    Dex:  9    Spells: 3/3 levels left

rFire    . . .     SeeInvis .   a - +0 flail
rCold    . . .     Gourm    .   c - +0 shield
rNeg     + . .     Faith    .   b - +0 scale mail
rPois    ∞         Spirit   .   (no helmet)
rElec    +         Reflect  .   (no cloak)
rCorr    .         Harm     +   (no gloves)
MR       .....                  (no boots)
Stlth    ..........             g - amulet of harm
HPRegen  0.09/turn              (no ring)
MPRegen  0.09/turn              (no ring)

@: no status effects
A: negative energy resistance 1, electricity resistance, unbreathing,
petrification resistance, rot immunity, AC +3
a: no special abilities


You were on level 2 of the Dungeon.
You were hungry.

You visited 1 branch of the dungeon, and saw 3 of its levels.

You collected 59 gold pieces.

Inventory:

Hand Weapons
 a - a +0 flail (weapon)
Armour
 b - a +0 scale mail (worn)
 c - a +0 shield (worn)
Jewellery
 g - an amulet of harm (around neck)
Scrolls
 e - 2 scrolls of fog {unknown}
 i - a scroll of remove curse {unknown}
 j - 5 scrolls of identify {unknown}
 m - a scroll of teleportation {unknown}
Potions
 d - a potion of might
 h - a potion of haste {unknown}
 k - 2 potions of curing {unknown}
Comestibles
 f - 3 rations


   Skills:
 - Level 3.2 Fighting
 + Level 4.6 Maces & Flails
 - Level 3.2 Armour
 - Level 3.2 Shields


You had 3 spell levels left.
You didn't know any spells.

Dungeon Overview and Level Annotations

Branches:
Dungeon (3/15)

Altars:

Annotations:
D:3 llamajesus's ghost, amateur DrFi


Innate Abilities, Weirdness & Mutations

You are resistant to torment.
Your stone body is resilient. (AC +3)
You are immune to poison.
You resist negative energy. (rN+)
You are resistant to electric shocks. (rElec)
You can survive without breathing.
You are immune to petrification.
You are immune to rotting.


Message History

Llamajesus's ghost is nearby!
Llamajesus's ghost is nearby!
Llamajesus's ghost is nearby!
Llamajesus's ghost turns its malevolent gaze towards you.
You see here a ring mail.
You see here a ball python skeleton.
You are feeling hungry.
There is a stone staircase leading up here.
You climb upwards.
You block the ogre's attack.
There is a stone staircase leading down here.
An ogre is nearby!
g - an amulet of harm (around neck)
You hit the ogre.
The ogre is lightly wounded.
The ogre hits you with a giant spiked club.
You hit the ogre.
The ogre is moderately wounded.
The ogre hits you with a giant spiked club!!
Ouch! That really hurt!
You die...

########## #........# #........#
####### #.....[..# .......###
#.>..<...# #
.........#######........#######
........O...............(....).
.......#######..........#######
################@..##............
†...)..........O.................
########........###...##########.
#..###..### #.### #. #.###..##
###.# ## #.##..## #...# #.##.##
##### #.##. ..#..


You could see an ogre.

Vanquished Creatures
  2 adders (D:2)
  An ooze (D:3)
  2 worms (D:2)
  3 dart slugs
  3 leopard geckos
  An orc (D:3)
  6 giant cockroaches
  4 hobgoblins
  A jackal (D:2)
  A quokka (D:3)
  A ball python (D:3)
  7 bats
  2 frilled lizards
  6 goblins
  8 kobolds
  5 rats
53 creatures vanquished.

Notes
Turn   | Place    | Note
-------+----------+-------------------------------------------
     0 | D:1      | vegansnacktivist the Gargoyle Fighter began the quest for the Orb.
     0 | D:1      | Reached XP level 1. HP: 14/14 MP: 1/1
   135 | D:1      | Reached XP level 2. HP: 16/19 MP: 2/2
   419 | D:1      | Reached skill level 3 in Maces & Flails
   758 | D:2      | Reached XP level 3. HP: 10/23 MP: 3/3
  1098 | D:2      | Reached skill level 4 in Maces & Flails
  1144 | D:2      | Reached XP level 4. HP: 19/28 MP: 4/4
  1222 | D:2      | Noticed an ogre
  1476 | D:3      | Noticed llamajesus's ghost (amateur DrFi)
  1515 | D:2      | Slain by an ogre

Skill      XL: |  1  2  3 |
---------------+----------+-----
Maces & Flails | 3 4 |  4.6
Fighting       | |  3.2
Armour         | |  3.2
Shields        | |  3.2

Action                   |  1- 3 |  4- 6 || total
-------------------------+-------+-------++-------
Melee: Flail             |   148 |    79 ||   227
  Eat: Chunk             |     1 |     1 ||     2
Armor: Scale mail        |    86 |    37 ||   123
Dodge: Dodged            |    59 |    24 ||    83
Block: Shield            |    79 |    30 ||   109
